 Dungeon Crawl Stone Soup version 0.22-a0-480-g991dd4b2b4 (webtiles) character file.

44 Delvair the Caller (level 3, -4/19 HPs)
             Began as a Deep Elf Summoner on June 16, 2018.
             Slain by a goblin
             ... wielding a +0 club
             ... led by Robin
              (9 damage)
             ... on level 2 of the Dungeon.
             The game lasted 00:13:29 (2012 turns).

Delvair the Caller (Deep Elf Summoner)              Turns: 2012, Time: 00:13:29

Health: -4/19      AC:  2    Str:  6    XL:     3   Next: 41%
Magic:  2/10       EV: 13    Int: 19    God:
Gold:   140        SH:  0    Dex: 15    Spells: 6/9 levels left

rFire    . . .     SeeInvis .   d - -2 dagger (curse)
rCold    . . .     Gourm    .   (no shield)
rNeg     . . .     Faith    .   a - +0 robe
rPois    .         Spirit   .   (no helmet)
rElec    .         Reflect  .   (no cloak)
rCorr    .         Harm     .   (no gloves)
MR       .....                  (no boots)
Stlth    ++........             (no amulet)
HPRegen  0.06/turn              m - ring of wizardry
MPRegen  0.12/turn              (no ring)

@: no status effects
A: no striking features
a: no special abilities


You were on level 2 of the Dungeon.
You were not hungry.

You visited 1 branch of the dungeon, and saw 2 of its levels.

You collected 140 gold pieces.

Inventory:

Hand Weapons
 d - a cursed -2 dagger (weapon)
 g - a +0 dagger
 h - a +0 dagger
 j - a cursed -1 mace
Missiles
 e - 17 poisoned needles (quivered)
Armour
 a - a +0 robe (worn)
Jewellery
 m - a ring of wizardry (left hand)
Scrolls
 b - a scroll of identify
 k - 2 scrolls of enchant weapon
 l - a scroll of remove curse {unknown}
 p - a scroll of teleportation {unknown}
Potions
 i - a potion of agility {unknown}
 n - a potion of curing {unknown}
 o - a potion of resistance {unknown}
Comestibles
 c - 8 rations
 f - 4 chunks of flesh


   Skills:
 + Level 2.5 Dodging
 + Level 2.6 Stealth
 + Level 3.9 Spellcasting
 + Level 5.2 Summonings


You had 6 spell levels left.
You knew the following spells:

 Your Spells              Type           Power        Failure   Level  Hunger
a - Summon Small Mammal   Summ           ###.         1%          1    None
b - Call Imp              Summ           ###.....     1%          2    ##.....

Your spell library contained the following spells:

 Spells                   Type           Power        Failure   Level  Hunger
 Summon Ice Beast         Ice/Summ       ##......     19%         4    ####...
 Call Canine Familiar     Summ           ###.....     1%          3    ###....
 Summon Lightning Spire   Summ/Air       ##......     19%         4    ####...
 Summon Guardian Golem    Hex/Summ       ##......     6%          3    ###....


Dungeon Overview and Level Annotations

Branches:
Dungeon (2/15)

Altars:

Annotations:
D:2 Robin


Message History

The hobgoblin barely misses your crimson imp.
Your crimson imp barely misses the hobgoblin.
The goblin hits your white imp with a club.
Your white imp dies!
The hobgoblin closely misses your crimson imp.
Your crimson imp blinks!
You hit Robin but do no damage.
Your quokka closely misses the goblin.
Your quokka barely misses the goblin.
The hobgoblin misses your quokka. Robin barely misses you.
The goblin hits you with a club!
* * * LOW HITPOINT WARNING * * *
Your quokka barely misses the goblin.
Robin throws the goblin at you!
The hobgoblin hits your quokka but does no damage.
Your quokka bites the hobgoblin.
The hobgoblin dies!
Your crimson imp blinks!
There is a stone staircase leading down here.
The goblin hits you with a club!
You die...

.# #.#.# #...<#.# #...
.#####.#.# #.#.##.# ####
.##......#######.#.##.###
#
.##.##.......#.......g.).
#
....##.....>.#..))g.....#
#
........###..#..#.....g.#
######..# #....)[..#...##
#..###..#§r##g#...#
#.......#g.@g.....#
#....[..#.........#
####.####.###.###.# #.5#
#.[ ... # ##.# ###. ..#
#.# .. ..# #.# .. .# #.#
....# #.# ###


You could see Robin, 2 goblins and a friendly quokka.

Vanquished Creatures (collateral kills)
  Jessica (D:2)
  A worm (D:2)
  A dart slug (D:1)
  2 leopard geckos (D:2)
  A ball python (D:1)
  6 hobgoblins
  8 jackals
  3 bats
  4 frilled lizards (D:1)
  6 goblins
  4 kobolds (D:1)
  4 rats (D:1)
41 creatures vanquished.

Notes
Turn   | Place    | Note
-------+----------+-------------------------------------------
     0 | D:1      | Delvair the Deep Elf Summoner began the quest for the Orb.
     0 | D:1      | Reached XP level 1. HP: 10/10 MP: 6/6
   795 | D:1      | Reached XP level 2. HP: 14/15 MP: 6/8
   799 | D:1      | Learned a level 2 spell: Call Imp
  1977 | D:2      | Noticed Jessica
  1990 | D:2      | Reached XP level 3. HP: 19/19 MP: 6/10
  1999 | D:2      | Noticed Robin
  2001 | D:2      | Killed Jessica
  2001 | D:2      | Reached skill level 5 in Summonings
  2012 | D:2      | Slain by a goblin

Vault maps used:
D:1:      minmay_arrival_open_corners
D:2:      first_ration, uniq_jessica, uniq_robin

Skill      XL: |  1  2  3 |
---------------+----------+-----
Summonings     | 5 |  5.2
Dodging        | |  2.5
Stealth        | |  2.6
Spellcasting   | |  3.9

Action                   || total
-------------------------++-------
Melee: Dagger            ||     7
 Cast: Summon Small Mamm ||    51
       Call Imp          ||    10
  Use: Scroll            ||     2
  Eat: Chunk             ||     3
Armor: Robe              ||     6
Dodge: Dodged            ||    23

Table legend:
 A = Spawn XP
 B = Non-spawn XP
 C = Spawn XP percentage of total XP
 D = Spawn monster count
 E = Non-spawn monster count
 F = Spawn count percentage of total count
 G = Total turns spent on level
                    A         B        C        D         E        F      G
               +---------+---------+-------+---------+---------+-------+---------
         Total |       0 |      64 |   0.0 |       0 |      41 |   0.0 |  2012
               +---------+---------+-------+---------+---------+-------+---------
           D:1 |       0 |      26 |   0.0 |       0 |      25 |   0.0 |  1535
           D:2 |       0 |      38 |   0.0 |       0 |      16 |   0.0 |   477
               +---------+---------+-------+---------+---------+-------+---------
